[Event "*** Titled Tuesday Blitz"]
[Site "Chess.com"]
[Date "2019.10.01"]
[Round "4"]
[White "KhalilMousavi77"]
[Black "Didici"]
[Result "0-1"]
[WhiteElo "2800"]
[BlackElo "2633"]
[TimeControl "180+2"]
[EndTime "13:55:36 PDT"]
[Termination "Didici won by resignation"]

1. d4 f5 2. Nc3 Nf6 3. Bg5 d5 4. e3 Be6 5. Bd3 Nbd7 6. Nge2 g6 7. Nf4 Bf7 8. Bxf6 Nxf6 9. h4 Qd7 10. Qe2 e6 11. a3 Bd6 12. Nb5 Be7 13. c4 Ne4 14.
Bxe4 fxe4 15. Rc1 c6 16. Nc3 O-O 17. Qg4 Qd6 18. h5 g5 19. h6 e5 20. c5 Qf6 21.
Nh5 Bxh5 22. Rxh5 exd4 23. Nd1 dxe3 24. Rc2 exf2+ 25. Rxf2 Qg6 26. b4 Rxf2 27. Nxf2 e3 28. Nd1 Re8 29. Rh3 e2 30. Nc3 Bf6 31. Nxe2 d4 32. Qd7 Qe4 0-1

[Event "*** Titled Tuesday Blitz"]
[Site "Chess.com"]
[Date "2019.10.01"]
[Round "4"]
[White "Aariow"]
[Black "gmcorrales"]
[Result "1-0"]
[WhiteElo "2441"]
[BlackElo "2733"]
[TimeControl "180+2"]
[EndTime "13:55:37 PDT"]
[Termination "Aariow won by checkmate"]

1. Nf3 d6 2. d4 Nf6 3. g3 Bf5 4.
Bg2 c6 5. O-O Qb6 6. Nh4 Bg4 7.
h3 Be6 8. e4 g6 9. Nc3 Bg7 10.
a3 a5 11. Re1 O-O 12. d5 Bd7 13.
Be3 Qxb2 14. Na4 Qb5 15. Nb6 c5 16. Nxa8 Qa6 17. e5 Ne8 18. e6 fxe6 19. dxe6 Bc6 20. Rb1 Qxa8 21. c4 Bxg2 22. Nxg2 Nc7 23. Nf4 Nc6 24.
h4 Be5 25. h5 g5 26. Nd5 Nxe6 27. Qg4 Ned4 28. f4 Bf6 29. Nxf6+ exf6 30. Bxd4 Nxd4 31.
fxg5 fxg5 32. Re7 Nf3+ 33. Kg2 b5 34. Kh3 Kh8 35. Rxb5 Ne5 36. Rbb7 Qxb7 37. Rxb7 Nxg4 38. Kxg4 h6 39. Ra7 Rf1 40. Rxa5 Kg7 41. Ra7+ Kf6 42. Rh7 Ke5 43. Rxh6 Rc1 44. Kxg5 Rxc4 45. Rh8 Rc3 46. Re8+ Kd4 47. g4 Rxa3 48. h6 Rh3 49. Kg6 c4 50. h7 Rh4 51. g5 c3 52. h8=Q+ Rxh8 53.
Rxh8 d5 54. Kf5 Kd3 55. g6 d4 56. g7 c2 57. Rh1 Kc3 58. g8=Q d3 59. Qg7+ Kd2 60.
Qb2 Ke2 61. Rc1 Kd2 62. Ke4 Ke2 63. Rxc2+ dxc2 64. Qxc2+ Kf1 65. Kf3 Kg1 66. Qg2# 1-0

[Event "*** Titled Tuesday Blitz"]
[Site "Chess.com"]
[Date "2019.10.01"]
[Round "4"]
[White "Parhamov"]
[Black "LastHeroJr"]
[Result "1-0"]
[WhiteElo "3028"]
[BlackElo "2529"]
[TimeControl "180+2"]
[EndTime "13:55:39 PDT"]
[Termination "Parhamov won by resignation"]

1. Nf3 Nf6 2. g3 d5 3. Bg2 e6 4.
c4 Be7 5. b3 O-O 6. Bb2 c5 7.
O-O d4 8. e3 Nc6 9. exd4 cxd4 10. a3 a5 11. Re1 Re8 12. d3 Bf8 13. Nbd2 e5 14. h3 Nd7 15. Qc2 Nc5 16. Ne4 Na6 17. g4 f6 18. Nh4 Be6 19. Rab1 Qd7 20. Bc1 Ne7 21. f4 exf4 22. Bxf4 Ng6 23. Nxg6 hxg6 24. Qb2 Rad8 25. Bd2 Qc7 26. b4 axb4 27. axb4 Bf7 28. Rf1 Nb8 29. Bf4 Qc8 30. c5 Nc6 31. Bd6 Ne5 32. Bxf8 Rxf8 33. Nd6 Qc7 34. Nxb7 Rb8 35.
Nd6 Nxd3 36. Qxd4 Ne5 37. b5 Rfd8 38. b6 Qe7 39. g5 Be6 40. Rbe1 Rf8 41. Rf2 Rbd8 42.
Rfe2 Qd7 43. gxf6 gxf6 44. Rxe5 fxe5 45. Rxe5 Bf7 46. b7 Rb8 47. c6 Qc7 48. Bd5 Rbd8 49. Nxf7 Qxf7 50. Bxf7+ 1-0

[Event "*** Titled Tuesday Blitz"]
[Site "Chess.com"]
[Date "2019.10.01"]
[Round "4"]
[White "Grieve72"]
[Black "IMDT02"]
[Result "1-0"]
[WhiteElo "2315"]
[BlackElo "2467"]
[TimeControl "180+2"]
[EndTime "13:55:49 PDT"]
[Termination "Grieve72 won by resignation"]

1. e4 c5 2. Nf3 Nc6 3. b3 e5 4.
Bb2 d6 5. Nc3 g6 6. g3 Bg7 7.
Bg2 Nge7 8. O-O O-O 9. Re1 h6 10. d3 Kh7 11. Nd2 f5 12. Nd5 Be6 13. Qe2 Rc8 14.
f4 Nd4 15. Bxd4 cxd4 16. Nxe7 Qxe7 17. exf5 Bxf5 18. fxe5 Rxc2 19. exd6 Qxd6 20. Nc4 Rxe2 21. Nxd6 Bxd3 22. Nxb7 Rxe1+ 23. Rxe1 Bc2 24. Nc5 d3 25. Ne4 Bd4+ 26. Kh1 Re8 27. Ng5+ hxg5 28. Rxe8 d2 29. Bf3 d1=Q+ 30. Bxd1 Bxd1 31. Kg2 g4 32. h3 Bf3+ 33. Kh2 Kg7 34. hxg4 Kf7 35. Rd8 Bb6 36. Rd7+ Ke6 37. Rg7 Kf6 38. Rg8 Bxg4 39. a4 Bd1 40. Rb8 Ke5 41.
a5 Be3 42. Re8+ 1-0

[Event "*** Titled Tuesday Blitz"]
[Site "Chess.com"]
[Date "2019.10.01"]
[Round "4"]
[White "Vojtap"]
[Black "ShahMatKanal"]
[Result "0-1"]
[WhiteElo "2176"]
[BlackElo "2441"]
[TimeControl "180+2"]
[EndTime "13:55:49 PDT"]
[Termination "ShahMatKanal won by resignation"]

1. e4 c5 2. Nf3 Nc6 3. d4 cxd4 4. Nxd4 e5 5. Nb5 a6 6. Nd6+ Bxd6 7. Qxd6 Qf6 8. Qd1 Qg6 9. Nc3 d5 10. exd5 Nd4 11.
Bd3 Qxg2 12. Be4 Qh3 13. Be3 Bg4 14. Qd3 Nf6 15. Bxd4 Qxd3 16. Bxd3 exd4 17. Ne4 Nxe4 18. Bxe4 O-O-O 19. f3 f5 20. fxg4 fxe4 21. O-O-O Rxd5 22. Rhe1 Re8 23. Kd2 Kd7 24. Rf1 Re7 25. Rf4 g5 26. Rf6 Rd6 27. Rf5 h6 28. Rdf1 Kc6 29. Rf6 Ree6 30. Rf7 Rd7 31. R7f5 d3 32. cxd3 Rxd3+ 33. Ke2 Red6 34. Rc1+ Kb6 35. Rc2 Rh3 36. Ke1 Rc6 37. Rxc6+ bxc6 38. Rf2 Re3+ 39. Kd2 Rd3+ 40. Kc2 Rd6 41.
Re2 Re6 42. Kc3 Kc5 43. Re3 Kd5 44. a3 Ke5 45. Kc4 Kf4 46. Re1 Kxg4 47. Kd4 Kf3 48. Re3+ Kf4 49. b4 Rd6+ 50. Kc5 Kxe3 51. Kxd6 Kf2 52.
Kxc6 e3 53. a4 e2 54. b5 axb5 55. axb5 e1=Q 56. b6 Kg2 57. Kc7 Qe5+ 58. Kc8 Kxh2 59. b7 g4 60. b8=Q Qxb8+ 61. Kxb8 g3 0-1

[Event "*** Titled Tuesday Blitz"]
[Site "Chess.com"]
[Date "2019.10.01"]
[Round "4"]
[White "pedroholly22"]
[Black "googlegoom"]
[Result "1-0"]
[WhiteElo "2332"]
[BlackElo "2484"]
[TimeControl "180+2"]
[EndTime "13:55:53 PDT"]
[Termination "pedroholly22 won by resignation"]

1. e4 c5 2. Nf3 Nc6 3. d4 cxd4 4.
Nxd4 Qb6 5. Nb3 Nf6 6. Bd3 e6 7. O-O d5 8. Nc3 dxe4 9. Nxe4 Be7 10. Be3 Qc7 11. h3 O-O 12. c3 b6 13. Qf3 Bb7 14. Bf4 e5 15. Bh2 Rad8 16. Nxf6+ Bxf6 17. Qf5 Rfe8 18. Qxh7+ Kf8 19. Rae1 Ne7 20. Bb5 Bc6 21. Bxc6 Nxc6 22. Re3 g6 23. Rf3 Ke7 24. Qh6 Qd6 25.
Bg3 Rh8 26. Qe3 Kf8 27. Nd2 Bh4 28. Ne4 Qe7 29. Bxh4 Rxh4 30. Ng3 Kg7 31. Re1 Qd6 32. Qe2 f6 33. Ne4 Rxe4 34. Qxe4 f5 35. Qe2 e4 36. Rg3 Ne5 37. h4 Nd3 38. Rf1 Rh8 39. Rd1 Rxh4 40. Rdxd3 exd3 41. Qxd3 Qxd3 42. Rxd3 Ra4 43. a3 Kf6 44.
Rd6+ Kg5 45. g3 Ra5 46. Kg2 Rb5 47. b4 Re5 48. f4+ 1-0

[Event "*** Titled Tuesday Blitz"]
[Site "Chess.com"]
[Date "2019.10.01"]
[Round "4"]
[White "ferdipy"]
[Black "abubakrtagelsir"]
[Result "0-1"]
[WhiteElo "2168"]
[BlackElo "2389"]
[TimeControl "180+2"]
[EndTime "13:55:53 PDT"]
[Termination "abubakrtagelsir won by checkmate"]

1. d4 d5 2. c4 c6 3. Nc3 Nf6 4.
cxd5 cxd5 5. Bg5 Nc6 6. e3 a6 7. Bd3 e6 8. Nf3 Be7 9. Rc1 h6 10. Bh4 Bd7 11. h3 Rc8 12. O-O Qb6 13. Qe2 Qa5 14.
Ne5 Nxe5 15. dxe5 Ng8 16. Bxe7 Nxe7 17. Qg4 O-O 18. f4 Qb6 19. Qe2 d4 20. exd4 Qxd4+ 21. Kh2 Bc6 22. Ne4 Nd5 23. Rf3 Bb5 24. Rd1 Bxd3 25. Rdxd3 Qb6 26. Rg3 Rc1 27. Rgf3 Rfc8 28. Nc3 Qg1+ 29. Kg3 Ne7 30. Rd7 Re1 31. Qd2 Nf5+ 32.
Kg4 Rf1 33. Rd8+ Rxd8 34. Qxd8+ Kh7 35. Rxf1 Qxg2+ 36. Kh5 g6# 0-1

[Event "*** Titled Tuesday Blitz"]
[Site "Chess.com"]
[Date "2019.10.01"]
[Round "4"]
[White "Zarikovs1999"]
[Black "Komissarov_alex"]
[Result "1-0"]
[WhiteElo "2412"]
[BlackElo "1915"]
[TimeControl "180+2"]
[EndTime "13:55:56 PDT"]
[Termination "Zarikovs1999 won on time"]

1. e4 e5 2. Nf3 Nc6 3. Bb5 a6 4.
Ba4 Nf6 5. O-O Bc5 6. d3 b5 7.
Bb3 O-O 8. Nc3 d6 9. a3 Bg4 10. Be3 Kh8 11. Bxc5 dxc5 12. h3 Bh5 13. g4 Nxg4 14. hxg4 Bxg4 15. Re1 Nd4 16. Re3 f5 17. exf5 Rxf5 18. Nxd4 cxd4 19. Qxg4 Rg5 20. Qxg5 Qxg5+ 21. Rg3 Qf4 22. Re1 dxc3 23. bxc3 Rf8 24. Re2 Qc1+ 25.
Kg2 Qxa3 26. Rxe5 Qd6 27. d4 c6 28. Be6 a5 29. Rge3 a4 30. Bf5 a3 31. Be6 Re8 32.
Bf7 Rxe5 33. dxe5 Qe7 34. Ba2 c5 35. c4 b4 36. e6 Qg5+ 37. Kf1 Qe7 38. c3 Kg8 39.
cxb4 cxb4 40. c5 Kf8 41. Bb3 Qxc5 42. Re4 1-0

[Event "*** Titled Tuesday Blitz"]
[Site "Chess.com"]
[Date "2019.10.01"]
[Round "4"]
[White "muran29"]
[Black "GianmarcoVaR"]
[Result "0-1"]
[WhiteElo "2384"]
[BlackElo "2597"]
[TimeControl "180+2"]
[EndTime "13:56:07 PDT"]
[Termination "GianmarcoVaR won by resignation"]

1. d4 Nf6 2. c4 e6 3. Nf3 b6 4.
Nc3 Bb7 5. a3 d5 6. cxd5 Nxd5 7.
Qc2 Be7 8. e4 Nxc3 9. bxc3 O-O 10. Bd3 c5 11. O-O Nd7 12. Bf4 Rc8 13. Qe2 c4 14. Bc2 b5 15. Rfe1 a6 16. h4 Bxh4 17.
a4 Re8 18. axb5 axb5 19. Rab1 Bc6 20. g3 Bf6 21. Kg2 e5 22. Bd2 exd4 23. cxd4 Nb6 24. Bc3 Nd5 25. Qd2 Nxc3 26. Qxc3 Qd7 27. Qb4 Be7 28. Qc3 b4 29. Qe3 b3 30. Bd1 Bb4 31. Ne5 Rxe5 32. dxe5 Bxe1 33. Qxe1 Qd4 34. Bf3 b2 35. Qb4 Bxe4 36. Qxb2 c3 37. Qb8 Bxf3+ 38.
Kxf3 Qd5+ 39. Ke2 Qc4+ 40. Ke1 c2 41. Qxc8+ Qxc8 42. Rc1 Qc3+ 43. Ke2 g5 44. f4 g4 45.
f5 h5 46. e6 fxe6 47. fxe6 Kf8 48. Rf1+ Ke7 49. Rc1 Kxe6 50. Kf2 Ke5 0-1

[Event "*** Titled Tuesday Blitz"]
[Site "Chess.com"]
[Date "2019.10.01"]
[Round "4"]
[White "Siemba"]
[Black "Karacsonyi_Gellert"]
[Result "0-1"]
[WhiteElo "2232"]
[BlackElo "2537"]
[TimeControl "180+2"]
[EndTime "13:56:09 PDT"]
[Termination "Karacsonyi_Gellert won by checkmate"]

1. e4 c5 2. Nf3 Nc6 3. d4 cxd4 4. Nxd4 g6 5. c4 Nf6 6. Nc3 d6 7. Be2 Nxd4 8. Qxd4 Bg7 9. Bg5 O-O 10. Qd2 a5 11.
O-O a4 12. f3 Qb6+ 13. Be3 Qa5 14. Qc2 Be6 15. Nb5 Rfc8 16. Nd4 Nd7 17. Nxe6 fxe6 18. Rab1 b5 19. b4 axb3 20. axb3 Qa2 21. Qxa2 Rxa2 22. Rf2 b4 23. Bf1 Rca8 24. g3 Kf7 25. f4 Rxf2 26.
Bxf2 Ra2 27. e5 dxe5 28. c5 Rc2 29. Rd1 Nxc5 30. Bc4 Ne4 31. Be1 exf4 32. Bxb4 fxg3 33. hxg3 Nxg3 34. Bc5 Ne2+ 35. Kh1 h5 36. Re1 Nf4 37. Kg1 g5 38. Be3 Nh3+ 39. Kh1 g4 40.
Rf1+ Bf6 41. Re1 g3 42. Bf1 Rh2# 0-1

[Event "*** Titled Tuesday Blitz"]
[Site "Chess.com"]
[Date "2019.10.01"]
[Round "4"]
[White "severomorskij"]
[Black "Konavets"]
[Result "1/2-1/2"]
[WhiteElo "2846"]
[BlackElo "2954"]
[TimeControl "180+2"]
[EndTime "13:56:15 PDT"]
[Termination "Game drawn by repetition"]

1. d4 Nf6 2. c4 e6 3. Nc3 Bb4 4. Nf3 d5 5. Bg5 h6 6. Bxf6 Qxf6 7. Qa4+ Nc6 8. e3 O-O 9. Be2 dxc4 10. Bxc4 e5 11.
O-O exd4 12. Nd5 Qd6 13. Nxb4 Qxb4 14. Qxb4 Nxb4 15. Nxd4 Bd7 16. a3 Nc6 17. Nxc6 Bxc6 18. Rfd1 Rfd8 19. f3 Kf8 20. Kf2 Ke7 21. e4 Ba4 22. b3 Be8 23. Ke3 a5 24. h4 b6 25.
Rac1 c5 26. f4 f6 27. a4 Bc6 28. g3 Rac8 29. Ba6 Ra8 30. Bc4 Rac8 31. Ba6 Rb8 32. Bc4 Rdc8 33. Rd3 b5 34. axb5 Bxb5 35. Bxb5 Rxb5 36.
e5 fxe5 37. fxe5 Rcb8 38. Ke4 Rb4+ 39. Kf5 Rf8+ 40. Kg6 Rg4+ 41. Kh7 Rc8 42. Rdc3 c4 43. bxc4 Rc7 44. Ra1 Ra7 45. Rca3 g5 46. Rxa5 Rxa5 47. Rxa5 gxh4 48. gxh4 Rxh4 49. c5 Ke6 50. c6 Rc4 51. Kxh6 Rxc6 52. Kg5 Ke7 53. Kf5 Rb6 54. Ra7+ Ke8 55.
Rh7 Ra6 56. Rb7 Rc6 57. Ra7 Rb6 58. Ke4 Rb4+ 59. Kd5 Rb5+ 60. Kd6 Rb6+ 61. Kc5 Rh6 62. Kd5 Rg6 63. e6 Rg1 64. Kd6 Rd1+ 65. Ke5 Re1+ 66.
Kd6 Rd1+ 67. Ke5 Re1+ 68. Kd6 Rd1+ 1/2-1/2

[Event "*** Titled Tuesday Blitz"]
[Site "Chess.com"]
[Date "2019.10.01"]
[Round "4"]
[White "Tolya2"]
[Black "harvsp123"]
[Result "0-1"]
[WhiteElo "2401"]
[BlackElo "2483"]
[TimeControl "180+2"]
[EndTime "13:56:15 PDT"]
[Termination "harvsp123 won by resignation"]

1. Nf3 Nf6 2. d4 g6 3. g3 Bg7 4. Bg2 O-O 5. O-O d6 6. b3 b5 7. a4 b4 8. Bb2 Bb7 9. Nbd2 Nbd7 10.
Re1 c5 11. e4 cxd4 12. Nxd4 Nc5 13. e5 dxe5 14. Bxb7 Nxb7 15. Nc6 Qc7 16. Nxe5 Rfd8 17. Rc1 Nd5 18. Qe2 Rac8 19. Ndc4 e6 20. Qf3 Nc5 21.
Rcd1 Rf8 22. Ba1 Rcd8 23. h4 Nd7 24. h5 Nxe5 25. Nxe5 Qxc2 26. Rc1 Qf5 27. hxg6 hxg6 28. Qxf5 gxf5 29. Nc6 Rd7 30. Bxg7 Kxg7 31. Rc4 Rc8 32. Rec1 Rdc7 33. a5 Kf6 34. a6 Nb6 35. Rc5 Nd7 36.
R5c4 Nb6 37. Rc5 Nd5 38. R5c4 Nc3 39. R4xc3 bxc3 40. Na5 c2 41. Nc4 Rxc4 42. bxc4 Rxc4 43. Kf1 Ke5 44. Ke2 Ke4 45. f3+ Kd4 46. Kd2 Rc6 47. f4 f6 48. Ra1 c1=Q+ 49. Rxc1 Rxc1 50. Kxc1 Kc3 51. Kd1 e5 52. Ke2 Kd4 53. Kf3 Kd3 54. g4 e4+ 55. Kg3 fxg4 56. f5 e3 0-1

[Event "*** Titled Tuesday Blitz"]
[Site "Chess.com"]
[Date "2019.10.01"]
[Round "4"]
[White "Chigorinetz"]
[Black "aa175"]
[Result "1-0"]
[WhiteElo "2539"]
[BlackElo "2292"]
[TimeControl "180+2"]
[EndTime "13:56:17 PDT"]
[Termination "Chigorinetz won by resignation"]

1. e4 d5 2. Nc3 dxe4 3. Nxe4 Qd5 4. Qf3 Nc6 5. Ne2 Bf5 6. Nd6+ Qxd6 7. Qxf5 e6 8. Qf3 Nf6 9. g3 O-O-O 10. Bg2 h5 11. h4 Qc5 12. c3 Ng4 13. d4 Qd5 14. O-O Qxf3 15. Bxf3 Ne7 16. Bg5 f6 17. Bf4 Nd5 18. Rfe1 Bd6 19. Bxd6 Rxd6 20. Rad1 Rhd8 21. Nc1 Nb6 22.
Nd3 Nc4 23. b3 Nb6 24. Nf4 e5 25. dxe5 Rxd1 26. Rxd1 Rxd1+ 27. Bxd1 fxe5 28. Nxh5 Nh6 29. Nxg7 Nd5 30. g4 Nxc3 31. g5 Ng8 32. h5 Kd8 33.
Bc2 Ne7 34. h6 e4 35. Kg2 Ng6 36. Kg3 Ke7 37. Kg4 Kf7 38. Kf5 Ne7+ 39. Ke5 Nc6+ 40.
Kf4 Nb4 41. Bxe4 Nbxa2 42. g6+ Kg8 43. Nh5 Nxe4 44. Kxe4 Nc3+ 45. Ke5 c6 46. Nf6+ Kf8 47. g7+ 1-0

[Event "*** Titled Tuesday Blitz"]
[Site "Chess.com"]
[Date "2019.10.01"]
[Round "4"]
[White "Darhild"]
[Black "kacprekt"]
[Result "1-0"]
[WhiteElo "2631"]
[BlackElo "2398"]
[TimeControl "180+2"]
[EndTime "13:56:19 PDT"]
[Termination "Darhild won by resignation"]

1. e4 c6 2. Nc3 d5 3. Nf3 Nf6 4. e5 Ne4 5. Ne2 Qb6 6. d4 e6 7. Nfg1 f6 8. f3 Ng5 9. Nc3 c5 10. f4 Ne4 11. Nxe4 dxe4 12. d5 exd5 13. Qxd5 Qc6 14. Bc4 Qxd5 15. Bxd5 f5 16. Be3 Nd7 17. Ne2 Nb6 18. Nc3 Be7 19. O-O-O Rb8 20. Nb5 Nxd5 21. Rxd5 Be6 22. Nd6+ Kd7 23. Rxc5 b6 24. Rc3 Bxd6 25. Rd1 Rb7 26. Rxd6+ Ke7 27. a4 Rd8 28. Rxd8 Kxd8 29. Rc6 Ke7 30. Bd2 a6 31. Be3 Bd7 32. Rd6 Bxa4 33.
Bxb6 h6 34. Bd8+ Kf7 35. e6+ Ke8 36. Bh4 Rb8 37. Rxa6 Bb5 38. Ra7 g5 39. fxg5 hxg5 40. Bxg5 Bc4 41. Rh7 Bxe6 42. Rh8+ Kf7 43. Rxb8 Kg6 44. Bf4 1-0

[Event "*** Titled Tuesday Blitz"]
[Site "Chess.com"]
[Date "2019.10.01"]
[Round "4"]
[White "Oleg_Papayan"]
[Black "Leonid_Starozhilov"]
[Result "0-1"]
[WhiteElo "2429"]
[BlackElo "2677"]
[TimeControl "180+2"]
[EndTime "13:56:21 PDT"]
[Termination "Leonid_Starozhilov won by resignation"]

1. d4 Nf6 2. c4 g6 3. Nc3 Bg7 4. e4 d6 5. Be2 O-O 6. Be3 c6 7. h4 h5 8. f3 a6 9. a4 a5 10.
Qd2 Na6 11. Nh3 Nb4 12. Nf2 e5 13. O-O-O exd4 14. Bxd4 d5 15. cxd5 cxd5 16. exd5 Bd7 17. g4 Rc8 18. Kb1 Re8 19. gxh5 Nxh5 20. Bxg7 Bf5+ 21. Nfe4 Kxg7 22. Ka1 Qe7 23. Bb5 Red8 24. d6 Qe5 25. Qd4 Qxd4 26. Rxd4 Nc2+ 27. Ka2 Nxd4 28. Rd1 Nxb5 29. axb5 Bxe4 30. fxe4 Nf4 31. Kb3 Ne6 32. Ka4 b6 33. e5 Rc4+ 34. Ka3 Nc5 35. Re1 Rh8 36.
Re3 Rhxh4 37. b3 Rcd4 38. Rf3 Ne6 39. Na4 Rxa4+ 40. bxa4 Re4 41. d7 Rxe5 42. Rd3 Nd8 43. Rd6 Re6 44. Rd4 Kf8 45. Kb3 Ke7 46. Kc4 Rd6 47.
Re4+ Ne6 0-1

[Event "*** Titled Tuesday Blitz"]
[Site "Chess.com"]
[Date "2019.10.01"]
[Round "4"]
[White "dragos420"]
[Black "riconaipe"]
[Result "1-0"]
[WhiteElo "2369"]
[BlackElo "2614"]
[TimeControl "180+2"]
[EndTime "13:56:23 PDT"]
[Termination "dragos420 won by resignation"]

1. e4 c6 2. c4 d5 3. cxd5 cxd5 4. exd5 Nf6 5. Nc3 Nxd5 6. Nf3 g6 7. Bb5+ Nc6 8. Qa4 Nb6 9. Bxc6+ bxc6 10. Qxc6+ Bd7 11. Qe4 Bg7 12. d4 O-O 13. O-O Bf5 14. Qh4 Rc8 15. Bh6 Nc4 16. Bxg7 Kxg7 17. b3 Nb2 18. Ne4 e5 19. Qg3 exd4 20. Nd6 Rc5 21. Nxd4 Bd3 22. Rfd1 Nxd1 23. Rxd1 Qf6 24. Qxd3 Rd8 25. N4b5 Rxb5 26. Qxb5 Rxd6 27. Rxd6 Qxd6 28. h3 Qf6 29. Qc5 a6 30. a4 Qe6 31. b4 Kf6 32. Qd4+ Qe5 33. Qxe5+ Kxe5 34. Kh2 Kd4 35. Kg3 Kc4 36. b5 axb5 37.
axb5 Kxb5 38. Kf4 f6 39. g4 Kc5 40. g5 Kd6 41. gxf6 Ke6 42. Kg5 Kf7 43. f4 Ke6 44. h4 h6+ 45. Kxg6 1-0

[Event "*** Titled Tuesday Blitz"]
[Site "Chess.com"]
[Date "2019.10.01"]
[Round "4"]
[White "Rodalquilar"]
[Black "Spring199"]
[Result "1-0"]
[WhiteElo "2562"]
[BlackElo "2371"]
[TimeControl "180+2"]
[EndTime "13:56:30 PDT"]
[Termination "Rodalquilar won on time"]

1. d4 Nf6 2. Bf4 d5 3. e3 c5 4. Nf3 Nc6 5. Nbd2 Qb6 6. dxc5 Qxb2 7. Rb1 Qa3 8. Bb5 Qxc5 9. c4 e6 10. O-O Be7 11. Ne5 O-O 12. Bxc6 bxc6 13. Nb3 Qa3 14.
Nxc6 Ba6 15. Nba5 Bc5 16. Be5 dxc4 17. Bxf6 gxf6 18. Nxc4 Qxa2 19. Rc1 Kh8 20. Qf3 f5 21. Qg3 Bxc4 22. Qe5+ f6 23. Qxc5 Bxf1 24. Qe7 Bc4 25. h4 Bd5 26. Nb4 Qb2 27. Rc7 Qa1+ 28. Kh2 Qe5+ 29.
f4 Qxc7 30. Qxc7 Be4 31. h5 Rg8 32. g3 a5 33. Qc3 axb4 34. Qxf6+ Rg7 35. h6 Rg8 36.
hxg7+ Rxg7 37. Qf8+ Rg8 38. Qxb4 Rc8 39. Qe7 Rc6 40.
Kh3 Kg8 41. Kh4 Bd5 42. Kg5 Rc1 43. Kf6 1-0

[Event "*** Titled Tuesday Blitz"]
[Site "Chess.com"]
[Date "2019.10.01"]
[Round "4"]
[White "grzechu96"]
[Black "gena217"]
[Result "1-0"]
[WhiteElo "2617"]
[BlackElo "2886"]
[TimeControl "180+2"]
[EndTime "13:56:33 PDT"]
[Termination "grzechu96 won by resignation"]

1. e4 c6 2. d4 d5 3. exd5 cxd5 4. Bd3 Nc6 5. c3 Nf6 6. Bf4 Bg4 7. Qb3 Qd7 8. Nd2 e6 9. Ngf3 Bd6 10. Ne5 Qc7 11. Nxg4 Bxf4 12. Nxf6+ gxf6 13. Nf3 O-O-O 14. g3 Bd6 15. O-O-O Kb8 16. Kb1 f5 17. Nh4 Na5 18. Qc2 Rc8 19. f4 Ka8 20. Nf3 Rb8 21. Qe2 Rhc8 22.
Ne5 a6 23. Rc1 b5 24. b3 Nc4 25. Ka1 Qa5 26. bxc4 bxc4 27. Bxc4 dxc4 28. Nxc4 Qd5 29. Nxd6 Qxd6 30. Rhd1 Qa3 31. Qc2 Rc4 32. d5 Rbc8 33. Qb2 Qc5 34. d6 Rd8 35. d7 Qc7 36. Qd2 Rc6 37.
Qd3 Qa5 38. c4 Rc7 39. c5 Rc6 40. Qf3 Kb7 41. Rd6 Qa4 42. Rc4 Qb5 43. a4 Qxc4 44.
Qxc6+ Ka7 45. Qb6+ Ka8 46. Qxd8+ Ka7 47. Qb6+ 1-0

[Event "*** Titled Tuesday Blitz"]
[Site "Chess.com"]
[Date "2019.10.01"]
[Round "4"]
[White "wonderfultime"]
[Black "Bathory44"]
[Result "0-1"]
[WhiteElo "2940"]
[BlackElo "2618"]
[TimeControl "180+2"]
[EndTime "13:56:38 PDT"]
[Termination "Bathory44 won by resignation"]

1. c4 Nf6 2. Nc3 g6 3. d4 Bg7 4. e4 O-O 5. f3 d6 6. Be3 c5 7. Nge2 Nc6 8. d5 Ne5 9. Ng3 h5 10. Be2 h4 11. Nf1 e6 12. Nd2 exd5 13. cxd5 h3 14. g3 Re8 15. O-O a6 16. a4 Rb8 17.
Rb1 Qc7 18. Qc2 Bd7 19. Nd1 b5 20. axb5 axb5 21. b3 Nh5 22. g4 Nf6 23. Nf2 Qc8 24.
Kh1 b4 25. Nxh3 Bb5 26. Bxb5 Rxb5 27. Nf2 Ra5 28. Bf4 Nfd7 29. Bg3 Qa6 30. Rb2 Nxf3 31. Nc4 Bxb2 32. Nd3 Nd4 33. Qxb2 Ra2 34. Qc1 Rxe4 35. Qg5 Ra1 36. Qd8+ Nf8 37. Rxa1 Qxa1+ 38. Kg2 Re2+ 39. Nf2 Qc3 40. Qf6 Nd7 41. Qf4 Ne5 42. Nxd6 Ndf3 43. Ne4 Qe1 44. Nf6+ Kg7 45. Nh5+ 0-1

[Event "*** Titled Tuesday Blitz"]
[Site "Chess.com"]
[Date "2019.10.01"]
[Round "4"]
[White "Grischuk"]
[Black "KhazarBabazada"]
[Result "1-0"]
[WhiteElo "3062"]
[BlackElo "2845"]
[TimeControl "180+2"]
[EndTime "13:56:39 PDT"]
[Termination "Grischuk won by resignation"]

1. e4 Nf6 2. e5 Nd5 3. d4 d6 4. Nf3 g6 5. Bc4 Nb6 6. Bb3 Bg7 7. Ng5 e6 8. Qf3 Qe7 9. Ne4 h6 10. exd6 cxd6 11. Bf4 d5 12. Nd6+ Kf8 13. Nxc8 Nxc8 14. c3 Nc6 15. O-O Nd6 16. Nd2 g5 17. Bxd6 Qxd6 18.
Rae1 Re8 19. Re2 h5 20. Rfe1 g4 21. Qd3 Ne7 22. Bc2 Ng6 23. g3 h4 24. Qb5 hxg3 25.
fxg3 Bh6 26. Bxg6 fxg6 27. Nb3 b6 28. Qxe8+ Kxe8 29. Rxe6+ Kd7 30. Rxd6+ Kxd6 31. Kg2 a5 32. a4 b5 33. axb5 Rb8 34. Nc5 Rxb5 35. Re6+ Kc7 36. Nd3 Rb6 37. Re7+ Kd8 38. Ra7 Rb5 39. h3 Bc1 40. b4 Bd2 41. Rxa5 Rxa5 42. bxa5 gxh3+ 43. Kxh3 Bxc3 44. Nc5 Kc8 45. a6 Kb8 46. Ne6 Ka7 47.
Kg4 Bd2 48. Nc7 Kb6 49. Nxd5+ Kxa6 50. Nf4 Kb5 51. Nxg6 Be3 52. d5 Kc5 53. Nf4 Kd6 54. Kf5 Bd4 55. g4 Ba1 56. g5 Bb2 57. Ke4 Bc1 58.
Ne6 Ke7 59. Ke5 Bb2+ 60. Kf5 Ba1 61. Nf4 Bc3 62. Ke4 Bb2 63. Ng6+ Kd6 64. Nh4 Ba1 65. Nf5+ Kd7 66. g6 1-0

[Event "*** Titled Tuesday Blitz"]
[Site "Chess.com"]
[Date "2019.10.01"]
[Round "4"]
[White "raviteja81293"]
[Black "r31415"]
[Result "1-0"]
[WhiteElo "2601"]
[BlackElo "2396"]
[TimeControl "180+2"]
[EndTime "13:56:44 PDT"]
[Termination "raviteja81293 won by resignation"]

1. d4 d6 2. c4 f5 3. g3 Nf6 4. Bg2 g6 5. Nf3 Bg7 6. O-O O-O 7. Nc3 c6 8. d5 e5 9. dxe6 Bxe6 10. b3 Na6 11. Ng5 Qe7 12. Nxe6 Qxe6 13. Bb2 Nc5 14.
Qc2 Rad8 15. Rad1 Rfe8 16. Rfe1 Nfe4 17. Nxe4 Nxe4 18. Bxg7 Kxg7 19. Rd3 Qe5 20. Red1 Re6 21. Re3 Rde8 22. f3 Qc5 23. Qb2+ Kf7 24. Qd4 Qxd4 25.
Rxd4 Nc5 26. Rxe6 Kxe6 27. Kf2 a5 28. f4 a4 29. b4 Na6 30. a3 Nc7 31. e4 fxe4 32.
Rxe4+ Kf5 33. Rxe8 Nxe8 34. Ke3 Nc7 35. h3 h5 36.
Be4+ Kf6 37. g4 hxg4 38. hxg4 g5 39. Bf5 d5 40. Bd3 gxf4+ 41. Kxf4 Ne6+ 42. Ke3 Ke5 43. cxd5 cxd5 44. Bb5 d4+ 45. Kd2 Ng5 46. Bxa4 Ne4+ 47. Kc2 Nf2 48. Bd7 Kf4 49. Bf5 Ke3 50. g5 d3+ 51. Bxd3 Nxd3 52. g6 Ne1+ 53. Kb3 Nf3 54. g7 Nd4+ 55. Kb2 1-0

[Event "*** Titled Tuesday Blitz"]
[Site "Chess.com"]
[Date "2019.10.01"]
[Round "4"]
[White "valeriocarnicelli"]
[Black "Quaritch79"]
[Result "1-0"]
[WhiteElo "2494"]
[BlackElo "2294"]
[TimeControl "180+2"]
[EndTime "13:56:45 PDT"]
[Termination "valeriocarnicelli won by resignation"]

1. e4 e5 2. Nf3 Nc6 3. d4 exd4 4.
Nxd4 Bc5 5. Nf5 g6 6. Be3 Bb4+ 7.
c3 Bf8 8. Nd4 Bg7 9. Nxc6 bxc6 10.
Nd2 Nf6 11. h4 d5 12. exd5 cxd5 13. Be2 O-O 14. h5 Rb8 15. Nb3 a5 16. hxg6 fxg6 17. Qc1 a4 18. Nc5 Qe8 19. Qd2 c6 20. O-O-O Bf5 21.
Bd3 Bxd3 22. Qxd3 a3 23. b3 Ng4 24. Rhf1 Nxe3 25. fxe3 Qe7 26. b4 Rxf1 27. Rxf1 Rf8 28. Rxf8+ Bxf8 29. Kc2 Qg5 30. Kb3 Bxc5 31. bxc5 Qxg2 32.
Kxa3 h5 33. Qa6 Qc2 34. Qxc6 Qxc3+ 35. Ka4 Qc4+ 36. Ka5 Qxa2+ 37. Kb6 Qb3+ 38. Kc7 Kg7 39. Qd7+ Kh6 40. c6 h4 41. Kd8 Qb8+ 42. Ke7 Qe5+ 43.
Kf7 Qg7+ 44. Ke6 h3 45. Qd8 g5 46. c7 Qg6+ 47. Qf6 Kh5 48. Qxg6+ Kxg6 49. c8=Q h2 50. Qg8+ Kh5 51. Qh8+ Kg4 52. Qxh2 1-0